cohdb
Replays
Latest Replays
All Replays
Popular Replays
Top Player Replays
Match Explorer
How It Works
Community
CoH3 Stats
Reddit
Sign in to upload your games and track your stats! →
Sign in with Steam
Match 45718313
Unlisted
Match 45718313
Overview
Messages
Build Orders
End
Selects Italian Combined Arms Battlegroup
Selects Italian Combined Arms Battlegroup
Selects Bersaglieri Squad
Bersaglieri Squad
Kradschützen Motorcycle Team
Bersaglieri Squad
Construct Light Support Kompanie
Bersaglieri Squad
Construct Mechanized Kompanie
8 Rad Armored Car
Panzerpioneer Squad
Selects Bersaglieri Bolster
Selects Breda Model 30 Light Machine Guns
Vehicle Survival Package
Panzerjäger Mechanized Group
Panzerpioneer Squad
Construct Panzerarmee Kommand
Panzer III L Medium Tank
Tungsten Core Ammunition
Selects Semovente da 75/18 Assault Gun
Selects Strafing Run
Bersaglieri Squad
Veteran Squad Leaders
Panzer III L Medium Tank
위험지역 총알택시
Seocheon
赵天天001
天天关注喵
0
0
Comments
sign in to comment!
No comments posted yet!